 Dungeon Crawl Stone Soup version 0.25.0-10-g039870ee82 (webtiles) character file.

Game seed: 3641661110183848211

(classic levelgen) 220 EnegeticOcto the Covered (level 5, -1/50 HPs)
             Began as a Deep Dwarf Fighter on June 23, 2020.
             Splashed by Ijyb's acid (13 damage)
             ... on level 4 of the Dungeon.
             The game lasted 00:00:39 (986 turns).

EnegeticOcto the Covered (Deep Dwarf Fighter)        Turns: 986, Time: 00:00:40

Health: -1/50      AC:  8    Str: 21    XL:     5   Next: 64%
Magic:  4/4        EV:  8    Int:  8    God:
Gold:   85         SH:  9    Dex: 12    Spells: 4/4 levels left

rFire    . . .     SeeInvis .   a - +0 war axe
rCold    . . .     Gourm    .   c - +0 kite shield
rNeg     . . .     Faith    .   b - +0 scale mail
rPois    .         Spirit   .   (no helmet)
rElec    .         Reflect  .   (no cloak)
rCorr    .         Harm     .   n - +0 pair of gloves
MR       .....                  (no boots)
Stlth    ..........             (no amulet)
HPRegen  0.00/turn              (no ring)
MPRegen  0.09/turn              (no ring)

@: non-regenerating
A: damage resistance, heal wounds, sense surroundings 1, no regeneration
a: Heal Wounds


You were on level 4 of the Dungeon.
You were not hungry.

You visited 1 branch of the dungeon, and saw 4 of its levels.

You collected 85 gold pieces.

Inventory:

Hand Weapons
 a - a +0 war axe (weapon)
Armour
 b - a +0 scale mail (worn)
 c - a +0 kite shield (worn)
 n - a +0 pair of gloves (worn)
Jewellery
 f - an uncursed ring of flight {unknown}
 o - the ring of Feto {rF+ Stlth-, unknown}
   (You found it on level 4 of the Dungeon)

   [ring of attention]

   It protects you from fire.
   It makes you less stealthy.
Scrolls
 d - 2 scrolls of random uselessness {unknown}
 i - 2 scrolls of teleportation {unknown}
 j - a scroll of remove curse {unknown}
 l - a scroll of identify {unknown}
 m - a scroll of enchant weapon {unknown}
 p - a scroll of magic mapping {unknown}
Potions
 g - a potion of heal wounds {unknown}
 h - a potion of curing {unknown}
 k - a potion of might {@q3}
Comestibles
 e - 5 rations


   Skills:
 * Level 3.8 Fighting
 * Level 3.9 Axes
 + Level 4.0 Armour
 + Level 2.1 Dodging
 + Level 4.0 Shields


You had 4 spell levels left.
You didn't know any spells.
Your spell library was empty.

Dungeon Overview and Level Annotations

Branches:
Dungeon (4/15)
 Temple: D:4-7

Altars:

Annotations:
D:4 Ijyb


Innate Abilities, Weirdness & Mutations

You are resistant to damage.
You can heal yourself by infusing magical energy.
You passively map a small area around you.
You do not regenerate.


Message History

The worker ant is moderately wounded.
The worker ant bites you.
You are poisoned.
The worker ant poisons you!
You slash the worker ant!
You kill the worker ant!
Your Armour skill increases to level 4!
Your Shields skill increases to level 4!
No target in view!
No target in view!
No target in view!
No target in view!
No target in view!
No target in view!
Some of the chunks of flesh in your inventory have rotted away.
o - a slimy ivory ring You now have 52 gold pieces (gained 17).
You are no longer poisoned.
p - a scroll labeled JUXKAT LUTWE A dart slug comes into view.
The dart slug moves out of view.
You now have 65 gold pieces (gained 13).
A quokka comes into view.
The dart slug completely misses you.
Found a quarterstaff.
There are monsters nearby!
There are monsters nearby!
You slash the dart slug!
The dart slug is almost dead.
The dart slug bites you but does no damage.
You hit the dart slug.
You kill the dart slug!
The quokka bites you but does no damage.
You slash the quokka!
You kill the quokka!
No target in view!
No target in view!
No target in view!
No target in view!
No target in view!
No target in view!
No target in view!
No target in view!
No target in view!
No target in view!
No target in view!
Eating one of 12 chunks of flesh.
You eat one of the 12 chunks of flesh.
This raw flesh tastes terrible.
Found a chain mail.
You now have 85 gold pieces (gained 20).
You see here a chain mail.
i - 2 scrolls labeled FUHEUN SE TUR (gained 1) Some of the chunks of flesh in your inventory have rotted away.
All of the chunks of flesh in your inventory have rotted away.
Found a stone staircase leading down.
f - a tubular tourmaline ring
There is a stone staircase leading down here.
e - 5 rations (gained 1) Ijyb the Twisted Goblin comes into view.
She is wielding a +0 dagger and carrying a wand of acid (5).
Ijyb shouts!
Ijyb is nearby!
Ijyb hits you but does no damage.
You hit Ijyb.
Ijyb is moderately wounded.
Ijyb zaps a wand.
The bolt of acid hits you!!
* * * LOW HITPOINT WARNING * * *
You are splashed with acid!
* * * LOW HITPOINT WARNING * * *
You are too injured to fight recklessly!
You are too injured to fight recklessly!
You are too injured to fight recklessly!
You are too injured to fight recklessly!
You are too injured to fight recklessly!
You are too injured to fight recklessly!
You are too injured to fight recklessly!
You are too injured to fight recklessly!
You are too injured to fight recklessly!
You are too injured to fight recklessly!
You are too injured to fight recklessly!
You are too injured to fight recklessly!
Ijyb is nearby!
Ijyb is nearby!
You feel much better. Ijyb hits you but does no damage.
You feel much better. Ijyb hits you but does no damage.
You closely miss Ijyb.
Ijyb is moderately wounded.
Ijyb hits you but does no damage. You block Ijyb's attack.
You barely miss Ijyb.
Ijyb is moderately wounded.
Ijyb screams, "Me stronger than you!"
Ijyb zaps a wand.
The bolt of acid hits you!
You are splashed with acid!
Your shield and scale mail prevent you from hitting Ijyb.
Ijyb is moderately wounded.
You block Ijyb's attack. Ijyb closely misses you.
You closely miss Ijyb.
Ijyb is moderately wounded.
Ijyb zaps a wand.
The bolt of acid hits you!
* * * LOW HITPOINT WARNING * * *
You are splashed with acid!
You die...

###...)..#######.#####
##.##..# #.# ####..#
#.# *, ...# #.# #. #
#.# ##.## ####.#
##.##...####...>####
#..................#
..##..@####.#####.#
,*##g## #.# ,# * #.
#.# * * * *#.* #.# , *
.. #.#, , * #. #.# *
#. #... ... , *.. ##.#
* , , .## *.#


You could see Ijyb.

Vanquished Creatures
  3 orc wizards
  A worker ant (D:4)
  3 adders
  3 gnolls (D:4)
  An adder skeleton (D:3)
  3 dart slugs
  2 leopard geckos (D:3)
  7 orcs
  2 giant cockroaches
  A goblin (D:3)
  2 hobgoblins
  6 jackals
  A quokka (D:4)
  A frilled lizard (D:1)
  3 kobolds
  4 rats (D:1)
43 creatures vanquished.

Notes
Turn   | Place    | Note
-------+----------+-------------------------------------------
     0 | D:1      | EnegeticOcto the Deep Dwarf Fighter began the quest for the
                  | Orb.
     0 | D:1      | Reached XP level 1. HP: 20/20 MP: 1/1
   123 | D:1      | Reached XP level 2. HP: 18/27 MP: 2/2
   267 | D:3      | Reached XP level 3. HP: 22/34 MP: 3/3
   278 | D:3      | Reached skill level 1 in Dodging
   309 | D:3      | Reached XP level 4. HP: 40/42 MP: 3/3
   454 | D:4      | Reached XP level 5. HP: 26/49 MP: 4/4
   863 | D:4      | Got a slimy ivory ring
   978 | D:4      | Noticed Ijyb
   980 | D:4      | HP: 2/50 [acid (9)]
   986 | D:4      | Splashed by Ijyb's acid

Illustrated notes

Levels and vault maps discovered:
D:1:      matt_arrival_refuge, layout_loops_ring
D:2:      layout_loops_cross, first_ration, grunt_decor_cap, minivault_26,
          kennysheep_generic_room_14
D:3:      layout_loops_cross
D:4:      layout_loops_ring, uniq_ijyb

Skill      XL: |  1  2  3  4  5 |
---------------+----------------+-----
Fighting       | 3 |  3.8
Axes           | 3 |  3.9
Dodging        | 1 2 |  2.1
Armour         | 4 |  4.0
Shields        | 4 |  4.0

Action                   |  1- 3 |  4- 6 || total
-------------------------+-------+-------++-------
Melee: War axe           |    52 |   103 ||   155
 Abil: Heal Wounds       |     2 |     4 ||     6
  Eat: Chunk             |       |     1 ||     1
Armor: Scale mail        |    19 |    48 ||    67
Dodge: Dodged            |    16 |    35 ||    51
Block: Kite shield       |    22 |    67 ||    89
